EL
MOBILE BAYBEARS @ PENSACOLA BLUE WAHOOS
07/22/2044
 
TOP OF THE 1ST
Mobile BayBears batting - Pitching for Pensacola Blue Wahoos : LHP Mario Arango
Pitching: LHP Mario Arango
Batting: LHB Bobby Arevalo 0-0: Ball
1-0: Ball
2-0: Ball
3-0: Base on Balls
Batting: SHB Salvador Aragon 0-0: Called Strike
0-1: Ball
1-1: Ball
2-1: Reached on error, E5 (Groundball, 56, EV 111.2 MPH)
Bobby Arevalo to second
Batting: RHB John Gray 0-0: Foul Ball, location: 2F
0-1: Ball
1-1: Ball
2-1: Ball
3-1: Foul Ball, location: 2F
3-2: Base on Balls
Bobby Arevalo to third
Salvador Aragon to second
Batting: LHB Steve Reinhart 0-0: Foul Ball, location: 2F
0-1: Swinging Strike
0-2: Ball
1-2: Grounds into double play, 6-4-3 (Groundball, 56, EV 89.4 MPH)
Bobby Arevalo scores
Salvador Aragon to third
Batting: RHB Andy Schuett 0-0: Called Strike
0-1: Called Strike
0-2: Ball
1-2: Ball
2-2: SINGLE (Groundball, 6MD, EV 97.5 MPH)
Salvador Aragon scores
Batting: RHB Scott Carr 0-0: Ball
1-0: Foul Ball, location: 2F
1-1: Foul Ball, location: 2F
1-2: Foul Ball, location: 2F
1-2: Foul Ball, location: 2F
1-2: Strikes out swinging, 2-3 out at first.
Top of the 1st over - 2 runs, 1 hit, 1 error, 1 left on base; Mobile 2 - Pensacola 0
BOTTOM OF THE 1ST
Pensacola Blue Wahoos batting - Pitching for Mobile BayBears : LHP Elliot Ziemba
Pitching: LHP Elliot Ziemba
Batting: RHB Solange Le Coq 0-0: SINGLE (Flyball, 56D, EV 92.5 MPH)
Batting: RHB Jon Marquez 0-0: Ball
Solange Le Coq steals 2nd base (no throw)
1-0: Ball
2-0: Ball
3-0: Base on Balls
Batting: RHB Joseph Kirchmann 0-0: Swinging Strike
0-1: Swinging Strike
0-2: Ball
1-2: Foul Ball, location: 2F
1-2: Ball
2-2: Foul Ball, location: 2F
2-2: Ball
3-2: Foul Ball, location: 2F
3-2: SINGLE (Groundball, 6D, EV 98.1 MPH)
Solange Le Coq to third
Jon Marquez to second
Runner from 3rd tries for Home, SAFE, throw by LF to home
Batting: RHB Ricky Carbajal 0-0: Called Strike
Jon Marquez steals 3rd base
0-1: Ball
1-1: Fly out, F7 (Line Drive, 7, EV 87.5 MPH)
Runner from 3rd tags up, SCORES, no throw by LF
Batting: RHB David Clough 0-0: Swinging Strike
0-1: Swinging Strike
0-2: Ball
1-2: SINGLE (Groundball, 56D, EV 99.4 MPH)
Joseph Kirchmann to second
Batting: RHB Pedro Pinero 0-0: Called Strike
Joseph Kirchmann steals 3rd base
0-1: Foul Ball, location: 2F
0-2: Foul Ball, location: 2F
0-2: Ball
1-2: Foul Ball, location: 2F
1-2: Grounds into double play, 6-4-3 (Groundball, 6, EV 104.4 MPH)
Bottom of the 1st over - 2 runs, 3 hits, 0 errors, 1 left on base; Mobile 2 - Pensacola 2
TOP OF THE 2ND
Mobile BayBears batting - Pitching for Pensacola Blue Wahoos : LHP Mario Arango
Batting: LHB Josh Gottlieb 0-0: Ball
1-0: DOUBLE (Flyball, 78D, EV 92.5 MPH)
Batting: RHB Justin Bruce 0-0: Swinging Strike
0-1: Foul Ball, location: 2F
0-2: Ball
1-2: Ball
2-2: Strikes out swinging
Batting: RHB Dustin Legault 0-0: Ball
1-0: Called Strike
Josh Gottlieb steals 3rd base (no throw)
1-1: Foul Ball, location: 2F
1-2: Ball
2-2: Strikes out swinging
Batting: LHB Bobby Arevalo 0-0: Ball
1-0: Foul Ball, location: 2F
1-1: DOUBLE (Line Drive, 3D, EV 101.2 MPH)
Josh Gottlieb scores
Batting: SHB Salvador Aragon 0-0: Called Strike
0-1: Ground out 6-3 (Groundball, 6, EV 83.8 MPH)
Top of the 2nd over - 1 run, 2 hits, 0 errors, 1 left on base; Mobile 3 - Pensacola 2
BOTTOM OF THE 2ND
Pensacola Blue Wahoos batting - Pitching for Mobile BayBears : LHP Elliot Ziemba
Batting: SHB Jared Thomas 0-0: Called Strike
0-1: Ball
1-1: Foul Ball, location: 2F
1-2: Foul Ball, location: 2F
1-2: Ground out 6-3 (Groundball, 6, EV 90.0 MPH)
Batting: LHB Steven Wamble 0-0: Fly out, F7 (Flyball, 7, EV 91.2 MPH)
Batting: LHB James Himes 0-0: Called Strike
0-1: Ball
1-1: Ball
2-1: Swinging Strike
2-2: SINGLE (Groundball, 6S, EV 62.5 MPH) (infield hit)
Batting: RHB Solange Le Coq 0-0: Foul Ball, location: 2F
0-1: Called Strike
0-2: Foul Ball, location: 2F
0-2: Foul Ball, location: 2F
0-2: Ball
1-2: Fly out, F5 (Popup, 5SF, EV 85.0 MPH)
Bottom of the 2nd over - 0 runs, 1 hit, 0 errors, 1 left on base; Mobile 3 - Pensacola 2
TOP OF THE 3RD
Mobile BayBears batting - Pitching for Pensacola Blue Wahoos : LHP Mario Arango
Batting: RHB John Gray 0-0: Foul Ball, location: 2F
0-1: Ground out 4-3 (Groundball, 4, EV 101.9 MPH)
Batting: LHB Steve Reinhart 0-0: SINGLE (Groundball, 34D, EV 106.2 MPH)
Batting: RHB Andy Schuett 0-0: DOUBLE (Line Drive, 8LXD, EV 106.9 MPH)
Steve Reinhart to third
Runner from 3rd tries for Home, throw by CF and OUT! 8-6-2
Batting: RHB Scott Carr 0-0: Ball
1-0: Ground out 6-3 (Groundball, 6S, EV 68.8 MPH)
Top of the 3rd over - 0 runs, 2 hits, 0 errors, 1 left on base; Mobile 3 - Pensacola 2
BOTTOM OF THE 3RD
Pensacola Blue Wahoos batting - Pitching for Mobile BayBears : LHP Elliot Ziemba
Batting: RHB Jon Marquez 0-0: Ball
1-0: Ball
2-0: Ball
3-0: Base on Balls
Batting: RHB Joseph Kirchmann 0-0: Ball
1-0: Called Strike
1-1: Ball
2-1: SINGLE (Line Drive, 34, EV 109.4 MPH)
Jon Marquez to second
Batting: RHB Ricky Carbajal 0-0: Ball
1-0: Called Strike
1-1: Called Strike
1-2: Fielders Choice at 2nd, 5-4 (Groundball, 56, EV 100.0 MPH)
Jon Marquez to third
Batting: RHB David Clough 0-0: Ball
1-0: Ball
2-0: SINGLE (Flyball, 3D, EV 93.8 MPH)
Jon Marquez scores
Ricky Carbajal to second
Runner from 2nd tries for 3rd, SAFE, throw by RF made to third
Batting: RHB Pedro Pinero 0-0: Ball
1-0: Called Strike
1-1: Called Strike
1-2: Ball
2-2: Fielders Choice at 2nd, 6-4 (Groundball, 6, EV 92.5 MPH)
Ricky Carbajal scores
Batting: SHB Jared Thomas 0-0: Ball
1-0: Called Strike
1-1: Ball
2-1: Swinging Strike
2-2: Strikes out swinging
Bottom of the 3rd over - 2 runs, 2 hits, 0 errors, 1 left on base; Mobile 3 - Pensacola 4
TOP OF THE 4TH
Mobile BayBears batting - Pitching for Pensacola Blue Wahoos : LHP Mario Arango
Batting: LHB Josh Gottlieb 0-0: Ball
1-0: Ground out U3 (Groundball, 34S, EV 72.5 MPH)
Batting: RHB Justin Bruce 0-0: Called Strike
0-1: Ball
1-1: Ball
2-1: Foul Ball, location: 2RF, Error on foul ball, E2
2-2: Foul Ball, location: 2F
2-2: Ball
3-2: Base on Balls
Batting: RHB Dustin Legault 0-0: Called Strike
0-1: Fly out, F4 (Flyball, 34D, EV 89.4 MPH)
Batting: LHB Bobby Arevalo 0-0: Called Strike
0-1: Swinging Strike
0-2: Foul Ball, location: 2F
0-2: Strikes out swinging
Top of the 4th over - 0 runs, 0 hits, 1 error, 1 left on base; Mobile 3 - Pensacola 4
BOTTOM OF THE 4TH
Pensacola Blue Wahoos batting - Pitching for Mobile BayBears : LHP Elliot Ziemba
Batting: LHB Steven Wamble 0-0: Foul Ball, location: 2F
0-1: Ground out 6-3 (Groundball, 6, EV 86.2 MPH)
Batting: LHB James Himes 0-0: Ball
1-0: Ground out 6-3 (Groundball, 6, EV 83.8 MPH)
Batting: RHB Solange Le Coq 0-0: Foul Ball, location: 2F
0-1: Fly out, F8 (Flyball, 8RXD, EV 100.0 MPH)
Bottom of the 4th over - 0 runs, 0 hits, 0 errors, 0 left on base; Mobile 3 - Pensacola 4
TOP OF THE 5TH
Mobile BayBears batting - Pitching for Pensacola Blue Wahoos : LHP Mario Arango
Batting: SHB Salvador Aragon 0-0: Called Strike
0-1: Ground out 5-3 (Groundball, 15, EV 93.1 MPH)
Batting: RHB John Gray 0-0: Called Strike
0-1: SINGLE (Line Drive, 56D, EV 110.0 MPH)
Batting: LHB Steve Reinhart 0-0: Ball
1-0: Ball
2-0: Ball
3-0: Called Strike
3-1: Foul Ball, location: 2F
3-2: Foul Ball, location: 2F
3-2: SINGLE (Groundball, P, EV 81.9 MPH) (infield hit)
John Gray to second
Batting: RHB Andy Schuett 0-0: Ball
1-0: Fielders Choice at 2nd, 6-4 (Groundball, 6, EV 92.5 MPH)
John Gray to third
Batting: RHB Scott Carr 0-0: Swinging Strike
0-1: Ball
1-1: Ball
2-1: Ball
3-1: Called Strike
3-2: Foul Ball, location: 2F
3-2: Strikes out swinging
Top of the 5th over - 0 runs, 2 hits, 0 errors, 2 left on base; Mobile 3 - Pensacola 4
BOTTOM OF THE 5TH
Pensacola Blue Wahoos batting - Pitching for Mobile BayBears : LHP Elliot Ziemba
Batting: RHB Jon Marquez 0-0: Ball
1-0: Ball
2-0: Called Strike
2-1: Swinging Strike
2-2: Strikes out looking
Batting: RHB Joseph Kirchmann 0-0: Ball
1-0: Ball
2-0: Called Strike
2-1: Ball
3-1: Base on Balls
Batting: RHB Ricky Carbajal 0-0: Ball
Joseph Kirchmann steals 2nd base
1-0: Ball
2-0: Fly out, F8 (Flyball, 8LXD, EV 95.0 MPH)
Runner from 2nd tags up, SAFE at 3rd, no throw by CF
Batting: RHB David Clough 0-0: Intentional Walk
Batting: RHB Pedro Pinero 0-0: Ball
1-0: Called Strike
1-1: SINGLE (Line Drive, 56D, EV 109.4 MPH)
Joseph Kirchmann scores
David Clough to second
Pitching: RHP Matt Hager
Batting: SHB Jared Thomas 0-0: Ball
1-0: Ball
2-0: Foul Ball, location: 2F
2-1: Fielders Choice at 2nd, 5-4 (Groundball, 56, EV 98.8 MPH)
Bottom of the 5th over - 1 run, 1 hit, 0 errors, 2 left on base; Mobile 3 - Pensacola 5
TOP OF THE 6TH
Mobile BayBears batting - Pitching for Pensacola Blue Wahoos : LHP Mario Arango
Batting: LHB Josh Gottlieb 0-0: Called Strike
0-1: Called Strike
0-2: Strikes out swinging
Batting: RHB Justin Bruce 0-0: Foul Ball, location: 2F
0-1: Swinging Strike
0-2: Strikes out swinging
Batting: RHB Dustin Legault 0-0: Ground out 6-3 (Groundball, 6, EV 81.2 MPH)
Top of the 6th over - 0 runs, 0 hits, 0 errors, 0 left on base; Mobile 3 - Pensacola 5
BOTTOM OF THE 6TH
Pensacola Blue Wahoos batting - Pitching for Mobile BayBears : RHP Matt Hager
Batting: LHB Steven Wamble 0-0: Ball
1-0: Ground out 4-3 (Groundball, 4, EV 80.6 MPH)
Batting: LHB James Himes 0-0: Swinging Strike
0-1: Ball
1-1: Ground out 6-3 (Groundball, 6, EV 94.4 MPH)
Batting: RHB Solange Le Coq 0-0: Ball
1-0: Fly out, F4 (Flyball, 34D, EV 83.8 MPH)
Bottom of the 6th over - 0 runs, 0 hits, 0 errors, 0 left on base; Mobile 3 - Pensacola 5
TOP OF THE 7TH
Mobile BayBears batting - Pitching for Pensacola Blue Wahoos : LHP Mario Arango
Batting: LHB Bobby Arevalo 0-0: Ball
1-0: Ball
2-0: Foul Ball, location: 2F
2-1: Called Strike
2-2: Ball
3-2: SOLO HOME RUN (Flyball, 8LXD, EV 108.8 MPH), Distance : 432 ft
Batting: SHB Salvador Aragon 0-0: Called Strike
0-1: Ball
1-1: Called Strike
1-2: Strikes out swinging
Pitching: RHP Brad Barnhart
Batting: RHB John Gray 0-0: Ground out 6-3 (Groundball, 56, EV 87.5 MPH)
Batting: LHB Steve Reinhart 0-0: Foul Ball, location: 2F
0-1: Ball
1-1: Foul Ball, location: 2F
1-2: Ball
2-2: Foul Ball, location: 2F
2-2: SINGLE (Flyball, 56D, EV 91.2 MPH)
Batting: RHB Andy Schuett 0-0: Foul Ball, location: 2F
0-1: Ball
Steve Reinhart steals 2nd base
1-1: Ball
2-1: Swinging Strike
2-2: Ball
3-2: SINGLE (Groundball, 4, EV 95.6 MPH)
Steve Reinhart to third
Runner from 3rd tries for Home, SAFE, throw by CF to home
Batting: LHB Rick Roemer 0-0: Ball
1-0: Ball
2-0: Swinging Strike
2-1: Swinging Strike
2-2: Ball
3-2: Foul Ball, location: 2F
3-2: Strikes out swinging
Top of the 7th over - 2 runs, 3 hits, 0 errors, 1 left on base; Mobile 5 - Pensacola 5
BOTTOM OF THE 7TH
Pensacola Blue Wahoos batting - Pitching for Mobile BayBears : RHP Matt Hager
Batting: RHB Jon Marquez 0-0: Ball
1-0: Ball
2-0: Called Strike
2-1: SINGLE (Groundball, 56D, EV 101.9 MPH)
Batting: RHB Joseph Kirchmann 0-0: Ball
1-0: Called Strike
1-1: Ball
Jon Marquez steals 2nd base
2-1: Intentional Walk
Batting: RHB Ricky Carbajal 0-0: Ball
1-0: Ball
2-0: Swinging Strike
2-1: Called Strike
2-2: Foul Ball, location: 2F
2-2: Strikes out swinging
Batting: RHB David Clough 0-0: Ball
Jon Marquez steals 3rd base
Joseph Kirchmann to second
1-0: Called Strike
1-1: Hit by Pitch
Pitching: LHP Danny Kessel
Batting: RHB Pedro Pinero 0-0: Foul Ball, location: 2F
0-1: Ball
1-1: Grounds into fielders choice 5-2 (Groundball, 56S, EV 68.8 MPH)
Joseph Kirchmann to third
David Clough to second
Batting: SHB Jared Thomas 0-0: Ball
1-0: Foul Ball, location: 2F
1-1: Ball
2-1: Ball
3-1: Called Strike
3-2: Ground out 5-3 (Groundball, 5L, EV 84.4 MPH)
Bottom of the 7th over - 0 runs, 1 hit, 0 errors, 3 left on base; Mobile 5 - Pensacola 5
TOP OF THE 8TH
Mobile BayBears batting - Pitching for Pensacola Blue Wahoos : RHP Brad Barnhart
Batting: LHB Josh Gottlieb 0-0: Ball
1-0: Fly out, F4 (Flyball, 3D, EV 79.4 MPH)
Batting: RHB Justin Bruce 0-0: Called Strike
0-1: Foul Ball, location: 2F
0-2: Ball
1-2: Ground out U3 (Groundball, 3, EV 111.2 MPH)
Batting: RHB Dustin Legault 0-0: Swinging Strike
0-1: SINGLE (Groundball, 56S, EV 67.5 MPH) (infield hit)
Batting: LHB Bobby Arevalo 0-0: Ball
1-0: Fly out, F7 (Flyball, 7S, EV 84.4 MPH)
Top of the 8th over - 0 runs, 1 hit, 0 errors, 1 left on base; Mobile 5 - Pensacola 5
BOTTOM OF THE 8TH
Pensacola Blue Wahoos batting - Pitching for Mobile BayBears : LHP Danny Kessel
Pinch Hitting: RHB Jose Caraballo 0-0: Ball
1-0: Ball
2-0: Ball
3-0: Base on Balls
Batting: LHB James Himes 0-0: Ball
1-0: Sac Bunt to 2R - play at first, batter OUT! 2-4
Jose Caraballo to second
Batting: RHB Solange Le Coq 0-0: Ball
1-0: DOUBLE (Flyball, 8LXD, EV 100.0 MPH)
Jose Caraballo scores
Batting: RHB Jon Marquez 0-0: Ball
Solange Le Coq steals 3rd base
1-0: Fly out, F7 (Flyball, 7S, EV 91.9 MPH)
Runner from 3rd tags up, OUT at HOME! 7-2
Bottom of the 8th over - 1 run, 1 hit, 0 errors, 0 left on base; Mobile 5 - Pensacola 6
TOP OF THE 9TH
Mobile BayBears batting - Pitching for Pensacola Blue Wahoos : RHP Brad Barnhart
Pitching: RHP Ben Jennings
Now at 1B: Manny Ruvalcaba
Batting: SHB Salvador Aragon 0-0: Foul Ball, location: 2F
0-1: Ball
1-1: Foul Ball, location: 2F
1-2: SINGLE (Groundball, 4D, EV 105.6 MPH)
Batting: RHB John Gray 0-0: Ball
1-0: Foul Ball, location: 2F
1-1: Swinging Strike
1-2: Ball
2-2: Ball
3-2: Grounds into double play, 4-6-3 (Groundball, 4, EV 104.4 MPH)
Batting: LHB Steve Reinhart 0-0: Called Strike
0-1: Ball
1-1: Ball
2-1: Called Strike
2-2: Ball
3-2: Foul Ball, location: 2F
3-2: Foul Ball, location: 2F
3-2: Foul Ball, location: 2F
3-2: Foul Ball, location: 2F
3-2: Base on Balls
Batting: RHB Andy Schuett 0-0: Ball
1-0: Ball
2-0: DOUBLE (Line Drive, 7LS, EV 88.8 MPH)
Steve Reinhart to third
Batting: LHB Rick Roemer 0-0: Called Strike
0-1: Foul Ball, location: 2F
0-2: Ball
1-2: Foul Ball, location: 2F
1-2: Ball
2-2: Foul Ball, location: 2F
2-2: Ball
3-2: Fly out, F7 (Line Drive, 7, EV 91.9 MPH)
Top of the 9th over - 0 runs, 2 hits, 0 errors, 2 left on base; Mobile 5 - Pensacola 6
Thursday, March 31st , 2022 - OOTP Baseball 22.12 Build 89